 Dungeon Crawl Stone Soup version 0.27.1-34-g3ba077fa99 (webtiles) character file.

Game seed: 649093045747502342

333 unlimited1921 the Skirmisher (level 6, 0/49 HPs)
             Began as a Demonspawn Berserker on Jan 8, 2022.
             Was a Believer of Trog.
             Slain by an orc wizard (1 damage)
             ... on level 4 of the Dungeon.
             The game lasted 00:30:23 (5919 turns).

unlimited1921 the Skirmisher (Demonspawn Berserker) Turns: 5919, Time: 00:30:24

Health: 0/49       AC:  8    Str: 19    XL:     6   Next: 27%
Magic:  6/6        EV: 11    Int:  9    God:    Trog [**....]
Gold:   134        SH:  0    Dex: 12    Spells: 5/5 levels left

rFire    . . .     SeeInvis .   u - +2 flail (protect)
rCold    . . .     Faith    .   (no shield)
rNeg     . . .     Spirit   .   m - +0 swamp dragon scales
rPois    +         Reflect  .   (no helmet)
rElec    .         Harm     .   (no cloak)
rCorr    .         Rampage  .   i - +0 pair of gloves
Will     .....                  (no boots)
Stlth    +.........             (no amulet)
HPRegen  0.16/turn              (no ring)
MPRegen  0.10/turn              (no ring)

@: no status effects
A: hooves 2, powered by death 1
a: Renounce Religion, Berserk, Trog's Hand


You were on level 4 of the Dungeon.
You worshipped Trog.
Trog was pleased with you.
You visited 1 branch of the dungeon, and saw 4 of its levels.

You collected 134 gold pieces.

Inventory:

Hand Weapons
 a - a +0 hand axe
 b - a +1 hunting sling of flaming
 d - a +0 spear
 k - a +0 mace
 n - a +2 dagger of protection
 s - a +0 short sword
 u - a +2 flail of protection (weapon)
Missiles
 e - 77 stones
 h - 2 silver boomerangs
 j - 49 arrows
 l - 2 large rocks
 p - 6 poisoned darts (quivered)
Armour
 i - a +0 pair of gloves (worn)
 m - +0 swamp dragon scales (worn)
Wands
 v - a wand of mindburst (12)
Scrolls
 f - a scroll of vulnerability {unknown}
 o - 2 scrolls of identify {unknown}
 q - a scroll of blinking {unknown}
 r - a scroll of magic mapping {unknown}
 t - 2 scrolls of fog {unknown}
 w - a scroll of silence {unknown}
 x - a scroll of teleportation {unknown}
 y - a scroll of enchant weapon {unknown}
Potions
 c - a potion of resistance {unknown}
 g - a potion of haste {unknown}
 z - a potion of flight {unknown}
 A - a potion of might {unknown}
 B - a potion of curing {unknown}


   Skills:
 * Level 4.6 Fighting
 * Level 3.2(3.3) Axes
 + Level 0.6(2.1) Maces & Flails
 + Level 2.6(2.8) Slings
 + Level 1.0(2.0) Throwing
 + Level 2.7 Armour
 + Level 2.2 Dodging
 + Level 1.0 Stealth


You had 5 spell levels left.
You didn't know any spells.
Your spell library contained the following spells:

 Spells                   Type           Power      Damage    Failure   Level
 Corona                   Hex            0%         N/A       56%         1
 Sting                    Tmut/Pois      0%         1d3       56%         1
 Ensorcelled Hibernation  Hex/Ice        0%         N/A       71%         2
 Tukima's Dance           Hex            0%         N/A       90%         3


Dungeon Overview and Level Annotations

Branches:
Dungeon (4/15)             Temple (0/1) D:4

Altars:
Okawaru
Qazlal
Sif Muna
Vehumet
Wu Jian
Xom
Zin
The Shining One


Innate Abilities, Weirdness & Mutations

You have hoof-like feet.
You regenerate a little health from kills.


Message History

The orc wizard casts a spell.
The orc wizard flickers and vanishes!
Deactivating autopickup; reactivate with Ctrl-A.
The orc warrior barely misses you.
You hit the orc warrior.
You kick the orc warrior, but do no damage.
The orc warrior is lightly wounded.
The gnoll barely misses you. Something hits you but does no damage.
The orc warrior closely misses you.
You closely miss something. Your kick misses something.
The gnoll closely misses you. Something hits you.
The orc warrior hits you with a +0 long sword!
You barely miss something. You kick something.
The gnoll hits you but does no damage. Something hits you but does no damage.
The orc warrior hits you with a +0 long sword!
The gnoll hits you but does no damage. Something hits you but does no damage.
You barely miss something. You kick something.
The orc warrior closely misses you. The gnoll completely misses you.
Something hits you but does no damage.
The orc warrior hits you but does no damage.
You miss something. Your kick misses something. The gnoll closely misses you.
Something hits you but does no damage.
The orc warrior hits you with a +0 long sword!
* * * LOW HITPOINT WARNING * * *
The gnoll barely misses you. Something hits you but does no damage.
The orc warrior closely misses you.
You climb upwards.
Reactivating autopickup.
There is a stone staircase leading down here.
Something hits you but does no damage.
Deactivating autopickup; reactivate with Ctrl-A.
The orc warrior hits you with a +0 long sword!
* * * LOW HITPOINT WARNING * * *
You climb downwards.
Reactivating autopickup.
The gnoll barely misses you.
There is a stone staircase leading up, spattered with blood here.
Deactivating autopickup; reactivate with Ctrl-A.
You miss something. You kick something. Something hits you.
You die...

#...≈._≈≈≈..###
#.#§≈°☼.≈≈....#
#.#§§÷§§§≈..#.#
#.##≈≈≈≈§##.#g####
#.###.§§§##.#....g
#.# #.##)##.######
#g###.##....#
#.))..###...# #.#
#@##### #.##....#
#o# #.......# ###
####.#### .# .# ..


You could see an orc warrior and a gnoll.

Vanquished Creatures
  An orc priest (D:4)
  2 iguanas (D:3)
  11 gnolls
  2 adders
  An adder skeleton (D:4)
  2 worms
  3 dart slugs
  3 orcs
  4 endoplasms
  A giant cockroach (D:2)
  10 goblins
  7 hobgoblins
  3 quokkas
  10 ball pythons
  10 bats
  3 frilled lizards
  4 kobolds
  6 rats
83 creatures vanquished.

Vanquished Creatures (others)
  2 scorpions (D:4)
  A hound (D:4)
3 creatures vanquished.

Grand Total: 86 creatures vanquished

Notes
Turn   | Place    | Note
-------+----------+-------------------------------------------
     0 | D:1      | unlimited1921 the Demonspawn Berserker began the quest for
                  | the Orb.
     0 | D:1      | Reached XP level 1. HP: 18/18 MP: 1/1
    14 | D:1      | You fall into a shaft and drop 1 floor!
   339 | D:2      | Gained mutation: You regenerate a little health from kills.
                  | [demonic ancestry]
   339 | D:2      | Reached XP level 2. HP: 20/24 MP: 2/2
  1978 | D:2      | Found a faded altar of an unknown god.
  1994 | D:2      | Got Plato's Reference Book on Transmigration
  2127 | D:2      | Gained mutation: You have large cloven feet. [demonic
                  | ancestry]
  2127 | D:2      | Reached XP level 3. HP: 21/29 MP: 3/3
  2933 | D:1      | Reached ** piety under Trog
  3175 | D:1      | Reached skill level 1 in Slings
  3661 | D:2      | Reached skill level 1 in Stealth
  3706 | D:3      | Gained mutation: You have hoof-like feet. [demonic
                  | ancestry]
  3706 | D:3      | Reached XP level 4. HP: 35/35 MP: 4/4
  3789 | D:3      | Found a shimmering blue altar of Sif Muna.
  3796 | D:3      | Found an ornate altar of the Wu Jian Council.
  3803 | D:3      | Found a radiant altar of Vehumet.
  3819 | D:3      | Found a stormy altar of Qazlal.
  3835 | D:3      | Found an iron altar of Okawaru.
  3948 | D:3      | Reached skill level 4 in Fighting
  4124 | D:3      | Reached XP level 5. HP: 35/42 MP: 5/5
  5103 | D:4      | Found a shimmering altar of Xom.
  5343 | D:4      | Reached XP level 6. HP: 31/49 MP: 6/6
  5480 | D:4      | Found a staircase to the Ecumenical Temple.
  5482 | D:4      | Noticed an orc warrior
  5584 | D:3      | Reached skill level 1 in Throwing
  5917 | D:3      | HP: 1/49 [orc warrior (13)]
  5919 | D:4      | Slain by an orc wizard

Illustrated notes

Levels and vault maps discovered:
D:1:      lemuel_arrival_lava_pool, layout_basic, chequers_jeans,
          dk_noncrumbling_3, corexii_item_surrounded_by_moat,
          grunt_decor_junction, st_stairs_12
D:2:      minmay_inner_zag, layout_loops_ring,
          shapermc_ecumenical_altar_rom_forum
D:3:      layout_basic, grunt_temple_overflow_octagram,
          minmay_misc_feat_encased, chequers_serial_rivers_micro_d
D:4:      layout_basic, xom_confusion_cloud, minmay_temple_entry_large_hall,
          serial_shops, kennysheep_mini, minmay_between

Skill      XL: |  1  2  3  4  5  6 |
---------------+-------------------+-----
Axes           | 3 |  3.2
Dodging        | 2 |  2.2
Armour         | 2 |  2.7
Slings         | 1 2 |  2.6
Stealth        | 1 |  1.0
Fighting       | 4 |  4.6
Throwing       | 1 |  1.0
Maces & Flails | |  0.6

Action                   |  1- 3 |  4- 6 || total
-------------------------+-------+-------++-------
Melee: Hand axe          |    79 |     5 ||    84
       Kick              |     4 |    20 ||    24
       Flail             |       |    60 ||    60
 Fire: Hunting sling     |    61 |    67 ||   128
Throw: Stone             |    41 |     3 ||    44
       Boomerang         |     6 |       ||     6
       Dart              |     1 |     9 ||    10
 Stab: Sleeping          |     1 |       ||     1
       Distracted        |     1 |       ||     1
Armor: Animal skin       |    14 |       ||    14
       Leather armour    |    11 |       ||    11
       Swamp dragon scal |     9 |    52 ||    61
Dodge: Dodged            |    62 |    81 ||   143
